 Dungeon Sprint DCSS version 0.30-a0-305-g026cb31310 (webtiles) character file.

Game seed: 6917307293237157103

14183 rocky1 the Gelid (level 11, -5/102 HPs)
             Began as a Black Draconian Ice Elementalist on Oct 23, 2022.
             Was a High Priest of Sif Muna.
             Killed from afar by a nagaraja (39 damage)
             ... with a poison arrow
             ... in the Dungeon (Sprint VII: "The Pits").
             The game lasted 00:20:51 (3821 turns).

rocky1 the Gelid (Black Draconian Ice Elementalist) Turns: 3821, Time: 00:20:52

Health: -5/102     AC:  7    Str: 15    XL:     11   Next: 85%
Magic:  25/25      EV: 12    Int: 18    God:    Sif Muna [*****.]
Gold:   77         SH:  0    Dex: 12    Spells: 6/30 levels left

rFire   + . .      SeeInvis .    w - +2 lajatang (pain)
rCold   . . .      Faith    .    (shield currently unavailable)
rNeg    . . .      Spirit   .    (body armour unavailable)
rPois   .          Reflect  .    (helmet restricted)
rElec   +          Harm     .    (no cloak)
rCorr   .          Rampage  .    (no gloves)
Will    .....      NoTele   +    (no boots)
Stlth   ++........               (no amulet)
HPRegen 0.37/turn                j - +3 ring of strength
MPRegen 0.19/turn                z - ring of protection from fire

@: lethally poisoned (-5 -> -30), constricted
A: breathe lightning, AC +7, unfitting armour, electricity resistance,
cold-blooded
a: Breathe Lightning, Renounce Religion, Channel Magic, Forget Spell, Divine
Exegesis


You were in the Dungeon.
You worshipped Sif Muna.
Sif Muna was extremely pleased with you.
You visited 1 branch You collected 77 gold pieces.

Inventory:

Hand Weapons
 k - a +4 quarterstaff of speed
 q - a +0 lajatang
 w - a +2 lajatang of pain (weapon)
Jewellery
 j - a +3 ring of strength (left hand)
 l - a +3 ring of intelligence
 x - a ring of willpower
 z - a ring of protection from fire (right hand)
Wands
 y - a wand of paralysis (6)
Scrolls
 f - 4 scrolls of identify
 h - 5 scrolls of amnesia
 i - a scroll of summoning
 r - 2 scrolls of enchant armour
 s - a scroll of blinking
 t - a scroll of fear
 u - 2 scrolls of enchant weapon
Potions
 a - 4 potions of magic
 b - 10 potions of curing
 c - 7 potions of heal wounds
 d - 4 potions of haste
 e - 3 potions of berserk rage
 g - a potion of invisibility
 m - a potion of might
 n - a potion of resistance
 o - 4 potions of brilliance
 p - 2 potions of mutation
 v - a potion of flight
 A - a potion of lignification


   Skills:
 + Level 11.4 Fighting
 + Level 14.1 Staves
 + Level 8.8 Dodging
 - Level 1.8 Stealth
 - Level 0.5 Unarmed Combat
 + Level 10.0 Spellcasting
 + Level 3.5 Necromancy
 + Level 9.4 Transmutations
 + Level 16.4 Ice Magic
 - Level 9.8 Invocations


You had 6 spell levels left.
You knew the following spells:

 Your Spells              Type           Power      Damage    Failure   Level
a - Freeze                Ice            100%       1d10      0%          1
b - Frozen Ramparts       Ice            100%       1d16      1%          3
c - Ozocubu's Armour      Ice            62%        N/A       1%          3
d - Hailstorm             Conj/Ice       38%        3d9       1%          3
e - Dragon Form           Tmut           21%        N/A       80%         7
f - Ozocubu's Refrigerat  Ice            31%        4d14      8%          7

Your spell library contained the following spells:

 Spells                   Type           Power      Damage    Failure   Level
 Beastly Appendage        Tmut           86%        N/A       1%          1
 Necrotise                Necr           84%        1d8       1%          1
 Sting                    Tmut/Pois      100%       1d8       1%          1
 Passwall                 Tmut/Erth      21%        N/A       1%          2
 Wereblood                Tmut           43%        N/A       1%          2
 Sublimation of Blood     Necr           21%        N/A       2%          2
 Summon Ice Beast         Ice/Summ       38%        N/A       2%          4
 Kiss of Death            Conj/Necr      60%        2d10      3%          1
 Spider Form              Tmut/Pois      26%        N/A       3%          3
 Metabolic Englaciation   Hex/Ice        19%        N/A       8%          5
 Momentum Strike          Conj/Tloc      18%        3d8       12%         2
 Confusing Touch          Hex            9%         N/A       24%         3
 Gell's Gravitas          Tloc           9%         N/A       24%         3
 Inner Flame              Hex/Fire       9%         N/A       24%         3
 Kindle Blastsparks       Fire/Tloc/Air  18%        2d11      24%         3
 Lesser Beckoning         Tloc           18%        N/A       24%         3
 Mephitic Cloud           Conj/Pois/Air  9%         N/A       24%         3
 Portal Projectile        Hex/Tloc       18%        N/A       24%         3
 Stone Arrow              Conj/Erth      18%        3d8       24%         3
 Swiftness                Air            9%         N/A       24%         3
 Leda's Liquefaction      Hex/Erth       4%         N/A       61%         4
 Eringya's Noxious Bog    Tmut/Pois      13%        N/A       87%         6
 Statue Form              Tmut/Erth      17%        N/A       87%         6
 Lee's Rapid Deconstruct  Erth           4%         3d5*      91%         5
 Summon Forest            Summ/Tloc      4%         N/A       91%         5
 Conjure Ball Lightning   Conj/Air       4%         3x3d6     100%        6
 Dispersal                Tloc           4%         N/A       100%        6
 Malign Gateway           Summ/Tloc      4%         N/A       100%        7
 Disjunction              Tloc           4%         N/A       100%        8
 Summon Horrible Things   Summ           4%         N/A       100%        8
 Polar Vortex             Ice            31%        N/A       100%        9


Dungeon Overview and Level Annotations

Branches:
Dungeon (1/1)

Altars:
Ashenzari
Cheibriados
Dithmenos
Elyvilon
Fedhas
Gozag
Hepliaklqana
Kikubaaqudgha
Makhleb
Nemelex Xobeh
Okawaru
Qazlal
Ru
Sif Muna
Trog
Uskayaw
Vehumet
Wu Jian
Xom
Yredelemnul
Zin
The Shining One
Jiyva
Lugonu


Innate Abilities, Weirdness & Mutations

You can breathe wild blasts of lightning.
Your glossy black scales are hard. (AC +7)
You cannot fit into any form of body armour.
You are resistant to electric shocks. (rElec)
You are cold-blooded and may be slowed by cold attacks.


Message History

The jumping spider leaps!
You miss the jumping spider.
The nagaraja shouts!
The jumping spider pounces on you but does no damage.
The jumping spider bites you.
The nagaraja gestures wildly while chanting.
The nagaraja seems to speed up.
You slash the jumping spider!
The jumping spider writhes in agony.
The jumping spider is moderately wounded.
The jumping spider barely misses you. The jumping spider closely misses you.
You hit the jumping spider.
The jumping spider writhes in agony.
Your tail-slap misses the jumping spider.
The jumping spider is heavily wounded.
The jumping spider pounces on you.
The jumping spider completely misses you.
You slash the jumping spider!
You kill the jumping spider!
Sif Muna accepts your kill.
Your Spellcasting skill increases to level 10!
The nagaraja hits you with a +0 club. The nagaraja grabs you.
The nagaraja constricts you.
You barely miss the nagaraja. The nagaraja hits you with a +0 club!!
The nagaraja constricts you.
You slash the nagaraja!
The nagaraja writhes in agony.
Your tail-slap misses the nagaraja.
The nagaraja is lightly wounded.
The nagaraja hits you with a +0 club!! The nagaraja constricts you.
You slice the nagaraja!!
The nagaraja is moderately wounded.
The nagaraja hits you but does no damage.
The nagaraja constricts you.
You closely miss the nagaraja.
The nagaraja is moderately wounded.
The nagaraja hits you with a +0 club. The nagaraja constricts you.
You barely miss the nagaraja.
The nagaraja is moderately wounded.
The nagaraja points at you and mumbles some strange words.
The poison arrow hits you!!!
You are poisoned.
You die...

#++##########
#............
#....@N......
#..##########
#..# #).# ###
#..# ..# #..#
..# #..# ..#
#..#
..##########..#


You could see a nagaraja (fast).

Vanquished Creatures
  Josephine (D)
  An alligator (D)
  A death yak (D)
  4 hell knights (D)
  2 flayed ghosts (D)
  A sixfirhy (D)
  A deep elf zephyrmancer (D)
  2 phantasmal warriors (D)
  A necromancer (D)
  2 cyclopes (D)
  A gargoyle (D)
  A demonic crawler (D)
  2 efreet (D)
  A tarantella (D)
  A tyrant leech (D)
  Prince Ribbit (D)
  Grinder (D)
  A hornet (D)
  7 blink frogs (D)
  A snapping turtle (D)
  A jumping spider (D)
  A spriggan (D)
  5 yaks (D)
  A vampire (D)
  A fire bat (D)
  2 wraiths (D)
  2 wyverns (D)
  A steam dragon (D)
  3 floating eyes (D)
  Pargi (D)
  2 centaurs (D)
  A necrophage (D)
  3 bullfrogs (D)
  A crimson imp (D)
  A quasit (D)
  2 iron imps (D)
  An orc wizard (D)
  A small abomination (D)
  2 gnolls (D)
  A river rat (D)
  2 ufetubi (D)
  A worm (D)
  4 orcs (D)
  An endoplasm (D)
  A goblin (D)
  2 hobgoblins (D)
  A quokka zombie (D)
  A rat (D)
79 creatures vanquished.

Vanquished Creatures (others)
  A centaur (D)
  An endoplasm (D)
2 creatures vanquished.

Grand Total: 81 creatures vanquished

Notes
Turn   | Place    | Note
-------+----------+-------------------------------------------
     0 | D        | rocky1 the Draconian Ice Elementalist began the quest for
                  | the Orb.
     0 | D        | Reached XP level 1. HP: 14/14 MP: 3/3
    27 | D        | Found a bloodstained altar of Trog.
    27 | D        | Found a shimmering blue altar of Sif Muna.
    27 | D        | Found a viscous altar of Jiyva.
    27 | D        | Found a hazy altar of Hepliaklqana.
    27 | D        | Found an opulent altar of Gozag.
    52 | D        | Found a glowing golden altar of the Shining One.
    52 | D        | Found a glowing silver altar of Zin.
    52 | D        | Found a basalt altar of Yredelemnul.
    52 | D        | Found a shimmering altar of Xom.
    52 | D        | Found an ornate altar of the Wu Jian Council.
    52 | D        | Found a sacrificial altar of Ru.
    52 | D        | Found a stormy altar of Qazlal.
    52 | D        | Found an iron altar of Okawaru.
    52 | D        | Found a sparkling altar of Nemelex Xobeh.
    52 | D        | Found a burning altar of Makhleb.
    52 | D        | Found a blossoming altar of Fedhas.
    52 | D        | Found a white marble altar of Elyvilon.
    52 | D        | Found a shadowy altar of Dithmenos.
    52 | D        | Found a snail-covered altar of Cheibriados.
    55 | D        | Found a corrupted altar of Lugonu.
    55 | D        | Found a radiant altar of Vehumet.
    56 | D        | Found an ancient bone altar of Kikubaaqudgha.
    56 | D        | Found a hide-covered altar of Uskayaw.
    56 | D        | Found a broken altar of Ashenzari.
    59 | D        | Became a worshipper of Sif Muna the Loreminder
    70 | D        | Noticed a floating eye
    77 | D        | Killed a floating eye
    78 | D        | Reached skill level 5 in Staves
    78 | D        | Reached skill level 7 in Ice Magic
    78 | D        | Reached XP level 2. HP: 16/20 MP: 5/5
    78 | D        | Reached XP level 3. HP: 21/26 MP: 6/6
    78 | D        | Reached XP level 4. HP: 26/33 MP: 7/7
   214 | D        | Reached * piety under Sif Muna
   219 | D        | Reached skill level 8 in Ice Magic
   243 | D        | Learned a level 3 spell: Frozen Ramparts
   247 | D        | Learned a level 3 spell: Ozocubu's Armour
   280 | D        | Noticed a bullfrog
   282 | D        | Reached ** piety under Sif Muna
   285 | D        | Killed a bullfrog
   286 | D        | Reached skill level 9 in Ice Magic
   286 | D        | Reached XP level 5. HP: 38/38 MP: 1/8
   594 | D        | Noticed a floating eye
   596 | D        | Noticed a fire bat
   599 | D        | Reached *** piety under Sif Muna
   599 | D        | Paralysed by a floating eye for 4 turns
   605 | D        | Killed a floating eye
   606 | D        | Reached skill level 10 in Ice Magic
   606 | D        | Reached XP level 6. HP: 45/45 MP: 5/9
   666 | D        | Reached **** piety under Sif Muna
   669 | D        | Killed a fire bat
   670 | D        | Reached skill level 10 in Staves
   670 | D        | Reached skill level 11 in Ice Magic
   670 | D        | Your scales start taking on a glossy black colour.
   670 | D        | Reached XP level 7. HP: 50/50 MP: 3/10
   670 | D        | Gained mutation: You are resistant to electric shocks.
                  | (rElec) [Black Draconian growth]
   734 | D        | Noticed Josephine
   742 | D        | Killed Josephine
   742 | D        | Reached ***** piety under Sif Muna
   743 | D        | Reached skill level 13 in Ice Magic
   743 | D        | Reached XP level 8. HP: 14/57 MP: 4/11
  1217 | D        | Received a gift from Sif Muna
  1221 | D        | Got Sif Muna's Omnibus of Polar Shapes {god gift}
  1226 | D        | Learned a level 3 spell: Hailstorm
  1235 | D        | Noticed an efreet
  1235 | D        | Noticed a cyclops
  1254 | D        | Killed a cyclops
  1255 | D        | Reached skill level 14 in Ice Magic
  1260 | D        | Killed an efreet
  1662 | D        | Noticed a snapping turtle
  1662 | D        | Noticed Pargi
  1667 | D        | Killed Pargi
  1668 | D        | Reached skill level 1 in Fighting
  1668 | D        | Reached skill level 5 in Invocations
  1668 | D        | Reached XP level 9. HP: 63/64 MP: 5/12
  1691 | D        | Noticed Prince Ribbit
  1691 | D        | Noticed a gargoyle
  1701 | D        | Killed Prince Ribbit
  1705 | D        | Killed a gargoyle
  1756 | D        | Received a gift from Sif Muna
  1757 | D        | Reached skill level 15 in Ice Magic
  1757 | D        | Got Mohoozea's Commentary on Metamorphic Stones {god gift}
  1866 | D        | Learned a level 7 spell: Dragon Form
  1881 | D        | Noticed an efreet
  1882 | D        | Paralysed by a hornet for 1 turns
  1882 | D        | Noticed a deep elf zephyrmancer
  1882 | D        | Noticed a flayed ghost
  1890 | D        | Reached skill level 5 in Fighting
  1892 | D        | Reached skill level 1 in Transmutations
  1893 | D        | Killed a deep elf zephyrmancer
  1894 | D        | Reached skill level 5 in Spellcasting
  1894 | D        | Killed an efreet
  1899 | D        | Reached XP level 10. HP: 51/84 MP: 8/18
  1942 | D        | Noticed a flayed ghost
  1950 | D        | Killed a flayed ghost
  1959 | D        | Received a gift from Sif Muna
  1965 | D        | Killed a flayed ghost
  1966 | D        | Reached skill level 5 in Dodging
  1966 | D        | Reached skill level 5 in Transmutations
  1966 | D        | Got Sif Muna's Parchment of Outbursts and Transmigration
                  | {god gift}
  1971 | D        | Noticed a death yak
  2086 | D        | Killed a death yak
  2181 | D        | Learned a level 7 spell: Ozocubu's Refrigeration
  2181 | D        | Noticed a sixfirhy
  2193 | D        | Killed a sixfirhy
  2204 | D        | Reached ****** piety under Sif Muna
  2212 | D        | Received a gift from Sif Muna
  2213 | D        | Got Sif Muna's Tractate on Hyperbolic Kindling {god gift}
  2280 | D        | Reached XP level 11. HP: 49/97 MP: 23/23
  2432 | D        | Noticed Grinder
  2433 | D        | Noticed an alligator
  2433 | D        | Noticed a phantasmal warrior
  2449 | D        | Killed an alligator
  2449 | D        | Received a gift from Sif Muna
  2459 | D        | Killed a phantasmal warrior
  2460 | D        | Reached skill level 10 in Fighting
  2463 | D        | Noticed a phantasmal warrior
  2468 | D        | Killed Grinder
  2476 | D        | Killed a phantasmal warrior
  2476 | D        | Received a gift from Sif Muna
  2477 | D        | Reached skill level 16 in Ice Magic
  2868 | D        | Got Sif Muna's Almanac of Leadership and Unholy Rites {god
                  | gift}
  2868 | D        | Got Sif Muna's Early Guide to the Arcane Arts {god gift}
  3200 | D        | Noticed a hell knight
  3200 | D        | Noticed a necromancer
  3200 | D        | Noticed a hell knight
  3200 | D        | Noticed a hell knight
  3200 | D        | Noticed a hell knight
  3213 | D        | Killed a necromancer
  3213 | D        | Killed a hell knight
  3216 | D        | Killed a hell knight
  3216 | D        | Received a gift from Sif Muna
  3218 | D        | Killed a hell knight
  3218 | D        | Killed a hell knight
  3809 | D        | Noticed a nagaraja
  3816 | D        | Reached skill level 10 in Spellcasting
  3821 | D        | Killed from afar by a nagaraja

Illustrated notes

Levels and vault maps discovered:
D:        pitsprint [storerooms_1, entrance_room_1, metal_vault_5, armoury_1,
          mini_pit_1, grid_room_1, main_hall_1, silver_pit, the_coven_3,
          the_vestibule_1, steel_vault_1, golden_pit, hallway_of_sentries,
          crystal_vault_4, iron_vault_3, final_vault]

Skill      XL: |  1  2  3  4  5  6  7  8  9 10 11 |
---------------+----------------------------------+-----
Staves         | 5 7 9 10 12 13 14 | 14.1
Ice Magic      | 7 9 10 11 13 14 15 16 | 16.4
Invocations    | 5 8 9 |  9.8
Fighting       | 1 6 9 11 | 11.4
Spellcasting   | 5 8 10 | 10.0
Dodging        | 3 6 8 |  8.8
Transmutations | 3 7 9 |  9.4
Necromancy     | 3 |  3.5
Stealth        | |  1.8
Unarmed Combat | |  0.5

Action                   |  1- 3 |  4- 6 |  7- 9 | 10-12 || total
-------------------------+-------+-------+-------+-------++-------
Melee: Quarterstaff      |     5 |    23 |    67 |   108 ||   203
       Tailslap          |       |       |     9 |    18 ||    27
       Lajatang          |       |       |       |    19 ||    19
       Unarmed           |       |       |       |    15 ||    15
       Bite              |       |       |       |     2 ||     2
 Cast: Freeze            |     3 |     1 |     2 |       ||     6
       Frozen Ramparts   |       |     4 |     4 |     9 ||    17
       Ozocubu's Armour  |       |     2 |     4 |     8 ||    14
       Hailstorm         |       |       |     3 |     4 ||     7
       Polar Vortex      |       |       |     1 |       ||     1
       Ozocubu's Refrige |       |       |       |     5 ||     5
       Dragon Form       |       |       |       |     1 ||     1
       Summon Forest     |       |       |       |     1 ||     1
Invok: Divine Exegesis   |       |       |     1 |     2 ||     3
       Channel Magic     |       |       |       |     1 ||     1
 Abil: Breathe Lightning |       |       |     2 |     3 ||     5
  Use: Potion            |       |       |     4 |     6 ||    10
       Scroll            |       |       |     1 |     2 ||     3
 Stab: Sleeping          |       |       |     2 |       ||     2
Armor: Skin              |     1 |     7 |    18 |    28 ||    54
Dodge: Dodged            |     2 |    22 |    37 |    66 ||   127

Table legend: (Time is in decaauts)
 A = Elapsed time spent in this place.
 B = Non-inter-level travel time spent in this place.
 C = Inter-level travel time spent in this place.
 D = Time resting spent in this place.
 E = Time spent auto-exploring this place.
 F = Levels seen in this place.
 G = Mean time per level.
                   A        B        C        D        E       F      G
               +--------+--------+--------+--------+--------+-----+--------+
         Total |   3726 |   3660 |     66 |   2825 |      0 |   1 | 3726.0 |
       Dungeon |   3726 |   3660 |     66 |   2825 |      0 |   1 | 3726.0 |
               +--------+--------+--------+--------+--------+-----+--------+

Top non-repeatable levels by time:
       D: 3726 daAuts
